Map: Central Protocol

Players

lesha - Winner!

  • Race: Terran Terran

A.I. 1 (Hard)

  • Race: Protoss Protoss

VOD

Have the link to the VOD?

Description

Time

  • Played on: Dec. 2, 2015, 10:46 a.m.
  • Length: 12:46
Show
View Real Time Build Order
Export as new Build Order

lesha Terran - Winner!

Build Orders:  

Get SALT Encoding   

  12  0:02  SCV  
  13  0:14  SCV  
  14  0:18  Supply Depot  
  14  0:26  SCV  
  15  0:40  SCV  
  15  0:42  Barracks  
  16  0:59  SCV  
  17  1:11  SCV  
  18  1:23  Command Center  
  18  1:25  SCV  
  19  1:37  Marine  
  20  1:48  Orbital Command  
  20  2:00  Refinery  
  20  2:02  Refinery  
  20  2:23  SCV  
  22  2:34  Marine  
  22  2:36  SCV  
  23  2:54  Barracks x2  
  23  2:56  Barracks  
  23  3:04  SCV x2  
  23  3:05  Supply Depot  
  25  3:07  Supply Depot  
  25  3:16  SCV x2, Barracks Tech Lab  
  27  3:28  Supply Depot, SCV  
  27  3:30  Supply Depot  
  27  3:32  Orbital Command  
  28  3:40  SCV  
  31  3:41  Marauder  
  31  3:52  SCV  
  31  3:54  Barracks Reactor  
  31  3:55  Marine  
  33  3:57  Marine  
  34  4:05  SCV  
  34  4:06  SCV  
  37  4:17  SCV  
  37  4:18  SCV  
  37  4:23  Refinery  
  38  4:24  Refinery  
  38  4:28  Marauder  
  38  4:29  SCV  
  38  4:30  SCV, Barracks Tech Lab  
  42  4:34  Barracks Tech Lab  
  42  4:42  SCV  
  42  4:43  SCV  
  44  4:47  Marine  
  44  4:48  Marine  
  44  4:49  Marauder  
  44  4:50  Marauder  
  50  5:05  Engineering Bay  
  50  5:07  Engineering Bay  
  50  5:08  Factory  
  50  5:11  Marauder  
  52  5:25  Bunker  
  52  5:28  Bunker  
  52  5:32  Marauder x2  
  52  5:33  Marauder  
  52  5:34  Marine x2  
  60  5:37  Terran Infantry Weapons Level 1  
  60  5:38  Terran Infantry Armor Level 1  
  60  5:54  Starport  
  60  6:07  Marauder  
  60  6:08  Marauder x2  
  60  6:09  Marine x2  
  68  6:24  SCV x2, Supply Depot  
  70  6:26  Supply Depot  
  70  6:27  Supply Depot  
  70  6:30  Supply Depot  
  70  6:44  Starport Reactor  
  70  6:45  Starport  
  70  6:46  SCV, Marine x2  
  73  6:52  Marauder  
  73  6:53  Marauder x2  
  79  7:01  Barracks  
  79  7:06  Barracks  
  79  7:07  Barracks  
  79  7:10  Barracks  
  79  7:22  Medivac x2  
  83  7:34  Starport Reactor  
  83  7:43  Command Center  
  83  7:52  Medivac  
  83  7:55  Command Center  
  83  7:56  Marauder x3  
  91  7:58  Marine x2  
  91  8:01  Medivac  
  91  8:05  Stimpack  
  95  8:06  Combat Shields  
  95  8:08  Barracks Reactor  
  95  8:09  Barracks Tech Lab  
  95  8:10  Barracks Reactor  
  95  8:16  Marine x2  
  95  8:17  Barracks Reactor, Marauder, Marine x2  
  101  8:34  Marine  
  101  8:37  Supply Depot  
  102  8:42  Supply Depot x3  
  102  8:49  Supply Depot  
  102  8:54  Marine  
  102  8:55  Medivac x2, Marine x4  
  111  9:01  Orbital Command  
  111  9:09  SCV x2  
  114  9:14  Orbital Command  
  113  9:21  SCV x2  
  115  9:25  Medivac  
  115  9:30  Marine  
  118  9:32  Marine x3  
  118  9:33  SCV x2, Marauder  
  118  9:34  Marauder x3  
  118  9:36  Medivac  
  133  9:39  Medivac  
  133  9:42  Medivac  
  133  9:45  SCV  
  138  9:55  Marauder x2  
  138  9:56  Marauder x2  
  146  10:02  Armory  
  146  10:16  Refinery  
  146  10:26  SCV x3  
  146  10:27  SCV  
  150  10:38  SCV, Marine x3  
  150  10:39  Marauder x3  
  150  10:40  Marine x4, Marauder  
  150  10:42  Refinery, Medivac x3  
  172  10:57  Refinery  
  172  10:58  Refinery  
  172  11:19  Concussive Shells  
  172  11:39  Marauder  
  172  11:41  Marine  
  172  11:42  Marine x2  
  172  12:07  Supply Depot  
  172  12:08  Supply Depot x2  
  172  12:09  Supply Depot  
  172  12:10  Supply Depot  
  172  12:11  Supply Depot  
  172  12:13  Supply Depot  
  172  12:15  Marauder  
  172  12:28  Marine  
Show
View Real Time Build Order
Export as new Build Order

A.I. 1 (Hard) Protoss 

Build Orders:  

Get SALT Encoding   

  12  0:01  Probe (Chrono Boost)  
  13  0:11  Probe (Chrono Boost)  
  14  0:20  Pylon  
  14  0:22  Probe (Chrono Boost)  
  15  0:38  Probe (Chrono Boost)  
  16  0:47  Assimilator  
  16  0:48  Probe (Chrono Boost)  
  17  0:50  Gateway  
  17  0:59  Probe (Chrono Boost)  
  17  1:00  Pylon  
  18  1:10  Probe (Chrono Boost)  
  19  1:21  Probe (Chrono Boost)  
  20  1:35  Zealot  
  22  1:40  Cybernetics Core  
  22  1:42  Gateway  
  22  1:47  Assimilator  
  22  2:02  Pylon  
  22  2:11  Warp Gate  
  22  2:14  Stalker  
  24  2:28  Zealot  
  26  2:39  Pylon  
  26  2:43  Adept  
  28  2:54  Adept  
  30  3:08  Adept  
  32  3:20  Adept  
  32  3:21  Pylon  
  32  3:22  Probe (Chrono Boost)  
  35  3:33  Probe (Chrono Boost)  
  36  3:35  Stalker  
  36  3:40  Forge  
  38  3:45  Probe (Chrono Boost)  
  38  3:47  Adept  
  42  3:57  Probe (Chrono Boost)  
  42  4:03  Adept  
  42  4:09  Probe (Chrono Boost)  
  45  4:20  Probe (Chrono Boost)  
  45  4:22  Adept  
  48  6:10  Protoss Ground Weapons Level 1  
  48  6:15  Sentry  
  48  6:18  Gateway  
  50  6:20  Photon Cannon  
  50  6:22  Pylon  
  50  6:24  Photon Cannon  
  50  6:26  Stalker  
  50  6:27  Robotics Facility  
  50  6:28  Nexus  
  50  6:32  Stargate  
  48  6:37  Stalker  
  50  6:40  Twilight Council  
  50  6:42  Forge  
  50  6:48  Stalker, Pylon  
  52  6:59  Sentry  
  54  7:07  Protoss Ground Armor Level 1  
  54  7:11  Stalker  
  54  7:15  Observer  
  56  7:22  Stalker  
  59  7:25  Blink  
  59  7:32  Stalker  
  59  7:36  Observer  
  62  7:42  Probe x2 (Chrono Boost)  
  64  7:49  Assimilator  
  64  7:53  Pylon  
  64  7:54  Probe x2 (Chrono Boost)  
  64  7:56  Pylon  
  64  7:58  Assimilator  
  66  8:05  Probe x2 (Chrono Boost)  
  67  8:17  Probe x2 (Chrono Boost)  
  67  8:18  Photon Cannon  
  69  8:20  Photon Cannon  
  69  8:26  Photon Cannon  
  69  8:27  Probe (Chrono Boost)  
  69  8:29  Probe (Chrono Boost)  
  71  8:39  Probe (Chrono Boost)  
  71  8:40  Probe (Chrono Boost)  
  73  8:51  Probe x2 (Chrono Boost)  
  75  9:02  Probe (Chrono Boost)  
  77  9:03  Probe (Chrono Boost)  
  77  9:13  Probe (Chrono Boost)  
  77  9:14  Probe (Chrono Boost)  
  80  9:24  Probe (Chrono Boost)  
  80  10:46  Immortal  
  80  10:47  Protoss Air Weapons Level 1  
  84  10:53  Gateway  
  84  10:55  Zealot  
  86  10:57  Robotics Bay  
  86  11:02  Robotics Facility  
  84  11:07  Stargate  
  84  11:12  Nexus, Pylon  
  84  11:18  Templar Archives  
  84  11:20  Dark Shrine  
  84  11:24  Observer  
  85  11:28  Fleet Beacon  
  85  11:38  Adept  
  77  11:44  Zealot, Warp Prism  
  67  11:47  Stalker  
  67  11:49  Warp Prism  
  67  11:53  Stalker  
  71  11:58  Zealot  
  53  12:04  Zealot  
  45  12:10  Adept  
  45  12:16  Stalker  
  45  12:17  Probe (Chrono Boost)  
  45  12:19  Zealot  
  44  12:28  Adept  
  44  12:29  Probe (Chrono Boost)  
  46  12:30  Probe (Chrono Boost)  
  46  12:33  Stalker  
  40  12:38  Stalker  
Tags
 
Add a new tag
Caveats
  • Supply blocks, unpowered buildings, or Contaminate may cause inaccurate times.
  • Supply counts are checked every 10 seconds.